 Dungeon Crawl Stone Soup version 0.19-a0-450-g98b348d (webtiles) character file.

128 Kilingo the Shield-Bearer (level 4, -1/39 HPs)
             Began as a Minotaur Fighter on June 2, 2016.
             Slain by a gnoll
             ... wielding a +0 halberd
              (7 damage)
             ... on level 4 of the Dungeon.
             The game lasted 00:24:36 (3738 turns).

Kilingo the Shield-Bearer (Minotaur Fighter)        Turns: 3738, Time: 00:24:36

Health: -1/39      AC:  6    Str: 26    XL:     4   Next: 87%
Magic:  3/3        EV:  8    Int:  5    God:
Gold:   224        SH: 10    Dex: 10    Spells: 0 memorised, 3 levels left

rFire  . . .     SeeInvis .     a - +0 flail
rCold  + . .     Gourm    .     x - +0 scale mail
rNeg   + . .     Faith    .     c - +0 shield
rPois  .         Spirit   .     (helmet restricted)
rElec  .         Dismiss  .     (no cloak)
rCorr  .         Reflect  .     (no gloves)
SustAt .         Harm     .     (no boots)
MR     .....                    (no amulet)
Stlth  ..........               r - ring of positive energy
                                i - ring of protection from cold

@: mighty, not resistant to hostile enchantments, extremely unstealthy
A: retaliatory headbutt, horns 2
a: no special abilities


You were on level 4 of the Dungeon.
You were not hungry.

You visited 1 branch of the dungeon, and saw 4 of its levels.

You collected 224 gold pieces.

Inventory:

Hand Weapons
 a - a +0 flail (weapon)
 b - a +0 hunting sling
Missiles
 e - 80 stones (quivered)
 m - 2 tomahawks
Armour
 c - a +0 shield (worn)
 x - a +0 scale mail (worn)
Jewellery
 i - a ring of protection from cold (left hand)
 r - a ring of positive energy (right hand)
Scrolls
 g - a scroll of teleportation
 h - a scroll of recharging
 j - 2 scrolls of blinking {unknown}
 k - a scroll of remove curse
 l - a scroll of fog {unknown}
 o - 2 scrolls of magic mapping {unknown}
 t - a scroll of random uselessness {unknown}
 u - a scroll of enchant weapon {unknown}
 y - a scroll of identify
Potions
 d - a potion of might
 q - 2 potions of heal wounds {unknown}
 s - a potion of flight {unknown}
 v - 2 potions of curing {unknown}
Comestibles
 f - a slice of pizza
 n - a meat ration
 p - 2 bread rations
 z - 4 fruits


   Skills:
 - Level 3.6 Fighting
 + Level 2.5 Maces & Flails
   Level 0.0 Polearms
 - Level 2.0(3.0) Slings
 - Level 3.0(3.3) Throwing
 - Level 3.6 Armour
 - Level 2.5 Dodging
 - Level 3.6 Shields


You had 3 spell levels left.
You didn't know any spells.

Dungeon Overview and Level Annotations

Branches:
Dungeon (4/15)
 Temple: D:4-7

Altars:
Trog
Xom
Yredelemnul
The Shining One


Innate Abilities, Weirdness & Mutations

You reflexively headbutt those who attack you in melee.
You have a pair of horns on your head.


Message History

Your headbutt misses the gnoll shaman.
The gnoll hits you but does no damage. x2
The gnoll shaman hits you with a whip.
You barely miss the gnoll shaman. The gnoll hits you but does no damage.
The gnoll hits you with a halberd.
The gnoll shaman hits you but does no damage.
The gnoll closely misses you.
The gnoll hits you from afar with a halberd!
You block the gnoll shaman's attack. You block the gnoll's attack.
The gnoll hits you from afar with a spear.
You feel very mighty all of a sudden.
The gnoll hits you from afar with a halberd!
* * * LOW HITPOINT WARNING * * *
The gnoll shaman hits you but does no damage.
A howler monkey comes into view.
You barely miss the gnoll shaman.
The howler monkey howls!
You block the gnoll shaman's attack.
The gnoll hits you from afar with a halberd!
You die...

.. .# .# .# .# .#
#######g####.#
#...@ggg.(h...
#.#####g...... #.#
#######
#.#.###.#####
#...........#
######..###.#######
#..# #.......# #..#
#.#####.# #..# #.#
##.##


You could see a gnoll shaman, a howler monkey and 4 gnolls.

Vanquished Creatures
  Ijyb (D:3)
  3 adders
  3 worms
  4 dart slugs
  A giant gecko (D:1)
  3 orcs (D:3)
  4 giant cockroaches
  7 hobgoblins
  4 jackals (D:3)
  5 kobolds
  7 bats
  5 giant newts
  6 goblins
  7 rats
60 creatures vanquished.

Notes
Turn   | Place    | Note
--------------------------------------------------------------
     0 | D:1      | Kilingo the Minotaur Fighter began the quest for the Orb.
     0 | D:1      | Reached XP level 1. HP: 19/19 MP: 0/0
   364 | D:1      | Reached skill level 1 in Dodging
   938 | D:1      | Reached XP level 2. HP: 26/26 MP: 1/1
  1235 | D:2      | Reached skill level 1 in Throwing
  1315 | D:2      | Found a shimmering altar of Xom.
  1315 | D:2      | Found a basalt altar of Yredelemnul.
  1315 | D:2      | Found a bloodstained altar of Trog.
  1616 | D:2      | Reached XP level 3. HP: 24/31 MP: 2/2
  2193 | D:2      | Found a glowing golden altar of the Shining One.
  2433 | D:3      | Reached XP level 4. HP: 37/39 MP: 3/3
  3064 | D:3      | Noticed Ijyb
  3079 | D:3      | Killed Ijyb
  3079 | D:3      | Reached skill level 1 in Slings
  3738 | D:4      | Slain by a gnoll

Vault maps used:
D:1:      sevenhm_arrival_forest_fort_large_4
D:2:      gammafunk_temple_overflow_claw, old_standard_altar, minmay_circled_x
D:3:      uniq_iyjb
D:4:      marbit_many_paths, kennysheep_mini, first_bread, uniq_pikel,
          uniq_crazy_yiuf_cottage

Skill      XL: |  1  2  3  4 |
---------------+-------------+-----
Dodging        | 1 2 |  2.5
Throwing       | 2 3 |  3.0
Slings         | 2 |  2.0
Fighting       | |  3.6
Maces & Flails | |  2.5
Armour         | |  3.6
Shields        | |  3.6

Action                   |  1- 3 |  4- 6 || total
-------------------------+-------+-------++-------
Melee: Flail             |    67 |    55 ||   122
       Headbutt          |     9 |     6 ||    15
       Spear             |    12 |       ||    12
 Fire: Hunting sling     |       |    14 ||    14
Throw: Stone             |    64 |    17 ||    81
  Use: Scroll            |     3 |     1 ||     4
       Potion            |       |     1 ||     1
  Eat: Bread ration      |     1 |       ||     1
       Meat ration       |       |     1 ||     1
Armor: Scale mail        |    28 |    28 ||    56
Dodge: Dodged            |    21 |    13 ||    34
Block: Shield            |    21 |    30 ||    51
